NWL (28 & UNDER)
CASPER GHOSTS @ CULVER CITY EXTRAS
09/10/2030
 
TOP OF THE 1ST
Casper Ghosts batting - Pitching for Culver City Extras : RHP Juan Valdés
Pitching: RHP Juan Valdés
Batting: SHB Esteban Aliaga 0-0: Called Strike
0-1: Ball
1-1: Ball
2-1: Foul Ball, location: 2F
2-2: Ball
3-2: Ground out 5-3 (Groundball, 56)
Batting: SHB José González 0-0: Ground out 1-3 (Groundball, 15)
Batting: LHB Ralph Cobb 0-0: Called Strike
0-1: Ground out 4-3 (Groundball, 4)
Top of the 1st over - 0 runs, 0 hits, 0 errors, 0 left on base; Casper 0 - Culver City 0
BOTTOM OF THE 1ST
Culver City Extras batting - Pitching for Casper Ghosts : RHP Manny Campos
Pitching: RHP Manny Campos
Batting: RHB Jamie Swyers 0-0: SOLO HOME RUN (Flyball, 7LD), Distance : 319 ft
Batting: RHB Marcos Liñares 0-0: Ball
1-0: Ball
2-0: Swinging Strike
2-1: Called Strike
2-2: SINGLE (Groundball, 34S) (infield hit)
Batting: LHB Carlos Hernández 0-0: Ball
Marcos Liñares is caught stealing 2nd base
1-0: Called Strike
1-1: Swinging Strike
1-2: Strikes out looking
Batting: SHB Emílio Calvillo 0-0: Ball
1-0: Foul Ball, location: 2F
1-1: Foul Ball, location: 2F
1-2: Fly out, F8 (Flyball, 8LD)
Bottom of the 1st over - 1 run, 2 hits, 0 errors, 0 left on base; Casper 0 - Culver City 1
TOP OF THE 2ND
Casper Ghosts batting - Pitching for Culver City Extras : RHP Juan Valdés
Batting: RHB Jerry Browning 0-0: Fly out, F8 (Flyball, 78D)
Batting: LHB Luis Rodríguez 0-0: Called Strike
0-1: Called Strike
0-2: Fly out, F6 (Popup, 6M)
Batting: RHB Troy Johnson 0-0: Fly out, F7 (Flyball, 7LS)
Top of the 2nd over - 0 runs, 0 hits, 0 errors, 0 left on base; Casper 0 - Culver City 1
BOTTOM OF THE 2ND
Culver City Extras batting - Pitching for Casper Ghosts : RHP Manny Campos
Batting: LHB Ramiro Venegas 0-0: Ground out U3 (Groundball, 34)
Batting: LHB Joe Spears 0-0: Called Strike
0-1: Called Strike
0-2: Strikes out swinging
Batting: RHB Pancho Reyna 0-0: Ball
1-0: SINGLE (Flyball, 7LS) - OUT at second base trying to stretch hit.
Bottom of the 2nd over - 0 runs, 1 hit, 0 errors, 0 left on base; Casper 0 - Culver City 1
TOP OF THE 3RD
Casper Ghosts batting - Pitching for Culver City Extras : RHP Juan Valdés
Batting: RHB Greg Nichols 0-0: Ball
1-0: Called Strike
1-1: Foul Ball, location: 2F
1-2: Foul Ball, location: 2F
1-2: Ball
2-2: Ground out 4-3 (Groundball, 4)
Batting: LHB Ramón Córdova 0-0: Foul Ball, location: 2F
0-1: Foul Ball, location: 2F
0-2: Ball
1-2: Fly out, F5 (Popup, 25F)
Batting: RHB Robert Acosta 0-0: Ball
1-0: Fly out, F7 (Flyball, 7S)
Top of the 3rd over - 0 runs, 0 hits, 0 errors, 0 left on base; Casper 0 - Culver City 1
BOTTOM OF THE 3RD
Culver City Extras batting - Pitching for Casper Ghosts : RHP Manny Campos
Batting: RHB Jorge Barrios 0-0: Ball
1-0: Ball
2-0: Fly out, F3 (Popup, 3S)
Batting: SHB Joey Boyd 0-0: Called Strike
0-1: Ball
1-1: Ball
2-1: Ball
3-1: Swinging Strike
3-2: Base on Balls
Batting: RHB Jamie Swyers 0-0: Fielders Choice at 2nd, 6-4 (Groundball, 6M)
Batting: RHB Marcos Liñares 0-0: Ball
1-0: Called Strike
1-1: Called Strike
1-2: Ball
2-2: Strikes out swinging
Bottom of the 3rd over - 0 runs, 0 hits, 0 errors, 1 left on base; Casper 0 - Culver City 1
TOP OF THE 4TH
Casper Ghosts batting - Pitching for Culver City Extras : RHP Juan Valdés
Batting: SHB Esteban Aliaga 0-0: Ball
1-0: Ball
2-0: Called Strike
2-1: Called Strike
2-2: Fly out, F9 (Flyball, 9D)
Batting: SHB José González 0-0: Foul Ball, location: 2F
0-1: Ball
1-1: Ball
2-1: Ground out 5-3 (Groundball, 56S)
Batting: LHB Ralph Cobb 0-0: Foul Ball, location: 2F
0-1: Called Strike
0-2: Strikes out swinging
Top of the 4th over - 0 runs, 0 hits, 0 errors, 0 left on base; Casper 0 - Culver City 1
BOTTOM OF THE 4TH
Culver City Extras batting - Pitching for Casper Ghosts : RHP Manny Campos
Batting: LHB Carlos Hernández 0-0: SINGLE (Line Drive, 56D)
Batting: SHB Emílio Calvillo 0-0: Called Strike
0-1: Ball
1-1: Called Strike
1-2: Ground out 4-3 (Groundball, 34)
Carlos Hernández to second
Batting: LHB Ramiro Venegas 0-0: Called Strike
0-1: Ball
1-1: Ball
2-1: Foul Ball, location: 2F
2-2: Foul Ball, location: 2F
2-2: Foul Ball, location: 2F
2-2: SINGLE (Flyball, 78S)
Carlos Hernández to third
Runner from 3rd tries for Home, SAFE, no throw
Batting: LHB Joe Spears 0-0: Swinging Strike
0-1: Ball
1-1: Foul Ball, location: 2F
1-2: Ball
2-2: Ball
3-2: Strikes out swinging
Batting: RHB Pancho Reyna 0-0: Ball
1-0: Ball
2-0: Called Strike
2-1: SINGLE (Groundball, 6D)
Ramiro Venegas to second
Batting: RHB Jorge Barrios 0-0: Ball
1-0: Foul Ball, location: 2F
1-1: Ball
2-1: Foul Ball, location: 2F
2-2: Foul Ball, location: 2F
2-2: Strikes out looking
Bottom of the 4th over - 1 run, 3 hits, 0 errors, 2 left on base; Casper 0 - Culver City 2
TOP OF THE 5TH
Casper Ghosts batting - Pitching for Culver City Extras : RHP Juan Valdés
Batting: RHB Jerry Browning 0-0: Reached on error, E3 (Groundball, 34)
Batting: LHB Luis Rodríguez 0-0: Ball
1-0: Foul Ball, location: 2F
1-1: SINGLE (Groundball, 6D)
Jerry Browning to second
Batting: RHB Troy Johnson 0-0: Called Strike
0-1: Swinging Strike
0-2: Ball
1-2: Strikes out swinging
Batting: RHB Greg Nichols 0-0: Swinging Strike
0-1: Ball
1-1: Ball
2-1: Swinging Strike
2-2: Strikes out swinging
Batting: LHB Ramón Córdova 0-0: Called Strike
0-1: Foul Ball, location: 2F
0-2: Strikes out swinging
Top of the 5th over - 0 runs, 1 hit, 1 error, 2 left on base; Casper 0 - Culver City 2
BOTTOM OF THE 5TH
Culver City Extras batting - Pitching for Casper Ghosts : RHP Manny Campos
Batting: SHB Joey Boyd 0-0: Ball
1-0: Ball
2-0: Called Strike
2-1: Called Strike
2-2: Ball
3-2: Fly out, F8 (Flyball, 8LS)
Batting: RHB Jamie Swyers 0-0: Called Strike
0-1: Ball
1-1: Ball
2-1: Fly out, F7 (Flyball, 7S)
Batting: RHB Marcos Liñares 0-0: Swinging Strike
0-1: Foul Ball, location: 2F
0-2: Foul Ball, location: 2F
0-2: Ball
1-2: Strikes out swinging
Bottom of the 5th over - 0 runs, 0 hits, 0 errors, 0 left on base; Casper 0 - Culver City 2
TOP OF THE 6TH
Casper Ghosts batting - Pitching for Culver City Extras : RHP Juan Valdés
Batting: RHB Robert Acosta 0-0: Ball
1-0: Foul Ball, location: 2F
1-1: Fly out, F5 (Line Drive, 5)
Batting: SHB Esteban Aliaga 0-0: Ball
1-0: Ball
2-0: SOLO HOME RUN (Flyball, 9LD), Distance : 346 ft
Batting: SHB José González 0-0: Called Strike
0-1: Called Strike
0-2: Ball
1-2: SINGLE (Groundball, 6) (infield hit)
Batting: LHB Ralph Cobb 0-0: Ball
José González steals 2nd base
1-0: Fly out, F6 (Popup, 6M)
Batting: RHB Jerry Browning 0-0: Reached on error, E3 (Groundball, 34)
José González scores
Batting: LHB Luis Rodríguez 0-0: Called Strike
0-1: Swinging Strike
0-2: Ball
1-2: Strikes out swinging
Top of the 6th over - 2 runs, 2 hits, 1 error, 1 left on base; Casper 2 - Culver City 2
BOTTOM OF THE 6TH
Culver City Extras batting - Pitching for Casper Ghosts : RHP Manny Campos
Batting: LHB Carlos Hernández 0-0: Foul Ball, location: 2F
0-1: Ground out 6-3 (Groundball, 6)
Batting: SHB Emílio Calvillo 0-0: Ball
1-0: Foul Ball, location: 2F
1-1: DOUBLE (Line Drive, 7LS)
Batting: LHB Ramiro Venegas 0-0: Foul Ball, location: 2F
0-1: SINGLE (Flyball, 7LM)
Emílio Calvillo to third
Runner from 3rd tries for Home, SAFE, no throw
Batting: LHB Joe Spears 0-0: Called Strike
0-1: Fly out, F7 (Flyball, 7D)
Batting: RHB Pancho Reyna 0-0: Ball
1-0: Foul Ball, location: 2F
1-1: Swinging Strike
1-2: Foul Ball, location: 2F
1-2: DOUBLE (Groundball, 5L)
Ramiro Venegas to third
Runner from 3rd tries for Home, SAFE, no throw
Pitching: LHP Juan Martínez
Batting: RHB Jorge Barrios 0-0: Ball
1-0: Called Strike
1-1: Ball
2-1: Foul Ball, location: 2F
2-2: Ball
3-2: Base on Balls
Batting: SHB Joey Boyd 0-0: Swinging Strike
0-1: Called Strike
0-2: Ball
1-2: Strikes out swinging
Bottom of the 6th over - 2 runs, 3 hits, 0 errors, 2 left on base; Casper 2 - Culver City 4
TOP OF THE 7TH
Casper Ghosts batting - Pitching for Culver City Extras : RHP Juan Valdés
Now at C: Jesús Herrera
Now in CF: Mitchell Darragh
Batting: RHB Troy Johnson 0-0: Ball
1-0: Foul Ball, location: 2F
1-1: Swinging Strike
1-2: Ball
2-2: Foul Ball, location: 2F
2-2: Foul Ball, location: 2F
2-2: Foul Ball, location: 2F
2-2: Strikes out swinging
Batting: RHB Greg Nichols 0-0: Swinging Strike
0-1: Ball
1-1: DOUBLE (Flyball, 8RXD)
Batting: LHB Ramón Córdova 0-0: Ball
1-0: Ball
2-0: Ball
3-0: Called Strike
3-1: Foul Ball, location: 2F
3-2: Foul Ball, location: 2F
3-2: Foul Ball, location: 2F
3-2: Fly out, F9 (Flyball, 9)
Batting: RHB Robert Acosta 0-0: Fly out, F9 (Flyball, 9)
Top of the 7th over - 0 runs, 1 hit, 0 errors, 1 left on base; Casper 2 - Culver City 4
BOTTOM OF THE 7TH
Culver City Extras batting - Pitching for Casper Ghosts : LHP Juan Martínez
Batting: RHB Jamie Swyers 0-0: DOUBLE (Line Drive, 9LM)
Batting: RHB Marcos Liñares 0-0: Intentional Walk
Pinch Hitting: SHB Norberto Muñóz 0-0: Called Strike
0-1: Ball
1-1: Foul Ball, location: 2F
1-2: Ball
2-2: Ball
3-2: Base on Balls
Jamie Swyers to third
Marcos Liñares to second
Pinch Hitting: RHB Pat Simms 0-0: Called Strike
0-1: Foul Ball, location: 2F
0-2: Fly out, F9 (Flyball, 89S)
Runner from 3rd tags up, OUT at HOME
Marcos Liñares to third
Norberto Muñóz to second
Pinch Hitting: RHB John Stevens 0-0: Called Strike
0-1: Foul Ball, location: 2F
0-2: Foul Ball, location: 2F
0-2: Fly out, F7 (Flyball, 7D)
Bottom of the 7th over - 0 runs, 1 hit, 0 errors, 2 left on base; Casper 2 - Culver City 4
TOP OF THE 8TH
Casper Ghosts batting - Pitching for Culver City Extras : RHP Juan Valdés
Now at 3B: John Stevens
Now in LF: Iván Espinosa
Now in RF: Martín Garza
Batting: SHB Esteban Aliaga 0-0: Ball
1-0: Ball
2-0: Foul Ball, location: 2F
2-1: Ball
3-1: Fly out, F9 (Flyball, 9LSF)
Batting: SHB José González 0-0: Fly out, F5 (Line Drive, 56D)
Batting: LHB Ralph Cobb 0-0: Foul Ball, location: 2F
0-1: Ground out U3 (Groundball, 3S)
Top of the 8th over - 0 runs, 0 hits, 0 errors, 0 left on base; Casper 2 - Culver City 4
BOTTOM OF THE 8TH
Culver City Extras batting - Pitching for Casper Ghosts : LHP Juan Martínez
Batting: LHB Joe Spears 0-0: Ball
1-0: Ground out U3 (Groundball, 3)
Batting: RHB Jesús Herrera 0-0: Ball
1-0: Ball
2-0: Swinging Strike
2-1: Ground out 6-3 (Groundball, 6)
Batting: RHB Jorge Barrios 0-0: Fly out, F9 (Flyball, 9LS)
Bottom of the 8th over - 0 runs, 0 hits, 0 errors, 0 left on base; Casper 2 - Culver City 4
TOP OF THE 9TH
Casper Ghosts batting - Pitching for Culver City Extras : RHP Juan Valdés
Pitching: RHP José García
Batting: RHB Jerry Browning 0-0: Ball
1-0: Swinging Strike
1-1: Called Strike
1-2: Foul Ball, location: 2F
1-2: Strikes out swinging
Batting: LHB Luis Rodríguez 0-0: Swinging Strike
0-1: Foul Ball, location: 2F
0-2: Strikes out looking
Batting: RHB Troy Johnson 0-0: Ball
1-0: Ball
2-0: Fly out, F9 (Flyball, 9S)
Top of the 9th over - 0 runs, 0 hits, 0 errors, 0 left on base; Casper 2 - Culver City 4
Saturday, April 7th, 2018 - OOTP Baseball 18.8 Build 76